 Dungeon Crawl Stone Soup version 0.16-a0-2898-gc475c69 (webtiles) character file.

833 Ololoev the Chopper (level 7, 0/35 HPs)
             Began as a Vine Stalker Berserker on Dec 1, 2014.
             Was a Priest of Trog.
             Slain by a centaur (3 damage)
             ... on level 7 of the Dungeon.
             The game lasted 00:11:58 (1684 turns).

Ololoev the Chopper (Vine Stalker Berserker)        Turns: 1684, Time: 00:11:58

Health: 0/35       AC:  4    Str: 21      XL:     7   Next: 98%
Magic:  0/9        EV:  9    Int:  7      God:    Trog [***...]
Gold:   144        SH:  0    Dex:  9 (14) Spells: 0 memorised, 6 levels left

rFire  . . .     SeeInvis .     a - +0 hand axe
rCold  . . .     Rnd*Rage +     g - +0 scale mail
rNeg   . . .     SustAb   .     (no shield)
rPois  .         Gourm    .     (no helmet)
rElec  .         Spirit   +     (no cloak)
rCorr  .         Warding  .     (no gloves)
rMut   .         Stasis   .     (no boots)
MR     .....                    (no amulet)
Stlth  ..........               (no ring)
                                x - ring of flight

@: exhausted, slowed, very slow, not resistant to hostile enchantments,
extremely unstealthy
A: fangs 2, berserk 1, deformed body, regeneration 2, magic shield, antimagic
bite, no device heal 3, rot immunity
a: Burn Spellbooks, Berserk, Trog's Hand, Renounce Religion, Evoke Flight


You were on level 7 of the Dungeon.
You worshipped Trog.
Trog was most pleased with you.
You were not hungry.

You visited 1 branch of the dungeon, and saw 7 of its levels.

You collected 144 gold pieces.

Notes
Turn   | Place    | Note
--------------------------------------------------------------
     0 | D:1      | Ololoev, the Vine Stalker Berserker, began the quest for the Orb.
     0 | D:1      | Reached XP level 1. HP: 11/11 MP: 1/1
    59 | D:1      | Reached skill level 3 in Axes
    73 | D:1      | Reached XP level 2. HP: 16/16 MP: 3/3
   155 | D:2      | Reached XP level 3. HP: 3/19 MP: 1/4
   331 | D:2      | Acquired Trog's second power
   382 | D:3      | Noticed Natasha
   388 | D:3      | Reached XP level 4. HP: 21/23 MP: 5/5
   396 | D:3      | Killed Natasha
   396 | D:3      | Reached skill level 4 in Axes
   541 | D:4      | Noticed Pikel
   542 | D:4      | Noticed a slave
   542 | D:4      | Noticed a slave
   543 | D:4      | Noticed a slave
   551 | D:3      | Killed a slave
   717 | D:3      | Reached XP level 5. HP: 27/27 MP: 7/7
   844 | D:3      | Found an ancient bone altar of Kikubaaqudgha.
   848 | D:3      | Identified Kikubaaqudgha's Collected Works on Sinister Rituals
   852 | D:3      | Found a deep blue altar of Sif Muna.
   856 | D:3      | Identified Sif Muna's Collected Works on Curses
   862 | D:3      | Found a radiant altar of Vehumet.
   866 | D:3      | Identified Vehumet's Collected Works on Confrontation
  1040 | D:4      | Found a staircase to the Ecumenical Temple.
  1069 | D:4      | Noticed an ogre
  1090 | D:4      | Killed a slave
  1100 | D:4      | Killed an ogre
  1100 | D:4      | Reached skill level 5 in Axes
  1100 | D:4      | Gained mutation: You heal very quickly. [vine stalker growth]
  1100 | D:4      | Reached XP level 6. HP: 22/32 MP: 8/8
  1136 | D:4      | Noticed an ogre
  1148 | D:4      | Killed an ogre
  1340 | D:5      | Entered Level 5 of the Dungeon
  1428 | D:7      | Reached skill level 6 in Axes
  1428 | D:7      | Reached XP level 7. HP: 35/35 MP: 9/9
  1468 | D:7      | Found a snail-covered altar of Cheibriados.
  1487 | D:7      | Noticed a steam dragon
  1501 | D:7      | Killed a steam dragon
  1660 | D:7      | Reached skill level 7 in Axes
  1669 | D:7      | Gained mutation: Armour fits poorly on your strangely shaped body. [mutagenic meat]
  1670 | D:7      | Gained mutation: You tend to lose your temper in combat. [mutagenic meat]
  1682 | D:7      | HP: 1/35 [centaur (2)]
  1684 | D:7      | Slain by a centaur

Inventory:

Hand weapons
 a - a +0 hand axe (weapon)
 l - a +0 blowgun
Missiles
 m - 7 poisoned needles
Armour
 g - a +0 scale mail (worn)
Jewellery
 x - a ring of flight (left hand)
Magical devices
 z - a wand of polymorph (10)
 A - a wand of draining (4)
 B - a wand of paralysis (6)
Scrolls
 d - 2 scrolls of remove curse
 e - a scroll of magic mapping {unknown}
 h - a scroll of immolation {unknown}
 i - 3 scrolls of identify {unknown}
 j - 4 scrolls of teleportation {unknown}
 o - 2 scrolls of amnesia {unknown}
 y - 3 scrolls of enchant weapon {unknown}
Potions
 f - 2 potions of haste {unknown}
 k - 2 potions of cancellation {unknown}
 n - a potion of brilliance {unknown}
 p - 2 potions of poison {unknown}
 t - 2 potions of restore abilities {unknown}
 u - a potion of lignification {unknown}
 v - 2 potions of heal wounds {unknown}
Books
 q - Kikubaaqudgha's Collected Works on Sinister Rituals
   (You found it on level 3 of the Dungeon)

   Spells                             Type                      Level
   a - Animate Skeleton               Necromancy                   1
   Trog disapproves of the use of such an item.
 r - Sif Muna's Collected Works on Curses
   (You found it on level 3 of the Dungeon)

   Spells                             Type                      Level
   a - Corona                         Hexes                        1
   Trog disapproves of the use of such an item.
 s - Vehumet's Collected Works on Confrontation
   (You found it on level 3 of the Dungeon)

   Spells                             Type                      Level
   a - Magic Dart                     Conjuration                  1
   Trog disapproves of the use of such an item.
 D - a book of Summonings

   Spells                             Type                      Level
   a - Abjuration                     Summoning                    3
   b - Recall                         Summoning/Translocation      3
   c - Shadow Creatures               Summoning                    5
   d - Summon Demon                   Summoning                    5
   e - Summon Forest                  Summoning/Translocation      5
   f - Monstrous Menagerie            Summoning                    6
   Trog disapproves of the use of such an item.
Comestibles
 b - a beef jerky
 c - 3 bread rations
 w - 2 meat rations

Table legend:
 A = Turns spent in this place as a percentage of turns spent in the entire game.
 B = Non-inter-level travel turns spent in this place as a percentage of non-inter-level travel turns spent in the entire game.
 C = Inter-level travel turns spent in this place as a percentage of turns spent in this place.
 D = Turns resting spent in this place as a percentage of non-inter-level travel turns spent in this place.
 E = Turns spent auto-exploring this place as a percentage of non-inter-level travel turns spent in this place.
 F = Non-inter-level travel turns spent in this place divided by the number of levels of this place that you've seen.
                   A       B       C       D       E      F
               +-------+-------+-------+-------+-------+----------------------
         Total | 100.0 | 100.0 |   0.4 |   3.2 |   0.8 | 176.4
       Dungeon | 100.0 | 100.0 |   0.4 |   3.2 |   0.8 | 176.4
               +-------+-------+-------+-------+-------+----------------------


   Skills:
 - Level 2.6 Fighting
 * Level 7.1 Axes
 + Level 4.2 Armour
 - Level 1.5 Dodging


You had 6 spell levels left.
You didn't know any spells.

Dungeon Overview and Level Annotations

Branches:
Dungeon (7/15)             Temple (0/1) D:4

Altars:
Cheibriados
Kikubaaqudgha
Sif Muna
Vehumet

Annotations:
D:4 Pikel


Innate Abilities, Weirdness & Mutations

You have extremely sharp teeth.
You heal very quickly.
When hurt, damage is shared between your health and your magic reserves.
Your bite disrupts and absorbs the magic of your enemies.
Potions and wands cannot restore your health.
You are immune to rotting.
You tend to lose your temper in combat.
Armour fits poorly on your strangely shaped body.


Message History

A centaur comes into view.
The centaur shouts!
The centaur wields a shortbow.
The centaur shoots an arrow.
The arrow closely misses you.
The centaur shoots an arrow.
The arrow hits you!
The centaur shoots an arrow.
The arrow hits you!
You see here 2 arrows.
The centaur shoots an arrow.
The arrow hits you but does no damage.
You see here an arrow.
The centaur shoots an arrow.
The arrow hits you.
The centaur shoots an arrow.
The arrow barely misses you.
You see here an arrow.
The centaur unwields an uncursed shortbow.
The centaur hits you but does no damage.
The centaur barely misses you.
You hit the centaur.
The centaur is lightly wounded.
The centaur barely misses you. The centaur hits you.
You hit the centaur. You bite the centaur, but do no damage.
The centaur is lightly wounded.
The centaur hits you! The centaur hits you.
You hit the centaur but do no damage. You bite the centaur.
You drain its power.
You feel invigorated.
The centaur is moderately wounded.
The centaur hits you but does no damage.
The centaur hits you.
You hit the centaur. Your bite misses the centaur.
The centaur is heavily wounded.
The centaur hits you.
The centaur hits you but does no damage.
You hit the centaur. You bite the centaur. You drain its power.
You feel invigorated.
The centaur is severely wounded.
The centaur hits you but does no damage.
The centaur closely misses you. The centaur misses you.
You hit the centaur but do no damage. You bite the centaur.
You drain its power.
You feel invigorated.
The centaur is severely wounded.
The centaur hits you!
You die...

#.# #.##########
#####.......((.#
#..............#
#..♣♣♣...♣♣♣...#
#. #♣.♣# #♣(.#
♣.♣ ♣(.# ♣.♣
#♣(.# .♣. ♣.@.#
♣ ♣....c.#
♣.♣♣♣..## #♣.#
♣.# ♣.# ..# ..#
###


You could see a centaur.

Table legend:
 A = Kills in this place as a percentage of kills in entire the game.
 B = Kills by you in this place as a percentage of kills by you in the entire game.
 C = Kills by friends in this place as a percentage of kills by friends in the entire game.
 D = Other kills in this place as a percentage of other kills in the entire game.
 E = Experience gained in this place as a percentage of experience gained in the entire game.
 F = Experience gained in this place divided by the number of levels of this place that you have seen.
                   A       B       C       D       E      F
               +-------+-------+-------+-------+-------+----------------------
         Total | 100.0 | 100.0 |  -nan | 100.0 | 100.0 | 170.1
       Dungeon | 100.0 | 100.0 |  -nan | 100.0 | 100.0 | 170.1
               +-------+-------+-------+-------+-------+----------------------

Vanquished Creatures
  A steam dragon (D:7)
  A sky beast (D:7)
  2 slaves
  2 ogres (D:4)
  A hound (D:7)
  2 crimson imps (D:7)
  A quasit (D:6)
  2 orc priests (D:7)
  A giant frog skeleton (D:4)
  An orc wizard (D:3)
  2 iguanas (D:4)
  A worker ant (D:5)
  Natasha (D:3)
  2 adders
  3 worms
  A giant mite (D:2)
  4 giant geckos
  12 orcs
  4 bats
  2 giant cockroaches
  6 goblins
  2 hobgoblins
  7 kobolds
  2 quokkas
  4 giant newts
  5 rats
72 creatures vanquished.

Vanquished Creatures (others)
  A quokka (D:7)
1 creature vanquished.

Grand Total: 73 creatures vanquished

Action                   |  1- 3 |  4- 6 |  7- 9 || total
-------------------------+-------+-------+-------++-------
Melee: Hand axe          |    69 |   105 |    45 ||   219
Invok: Berserk           |     2 |     7 |     2 ||    11
       Burn Spellbooks   |       |     1 |       ||     1
       Trog's Hand       |       |       |     1 ||     1
  Use: Scroll            |       |     1 |       ||     1
  Eat: Fruit             |       |     3 |       ||     3
       Chunk             |       |     7 |     6 ||    13
       Beef jerky        |       |       |     1 ||     1

Vault maps used:
D:1:      minmay_arrival_glassed_features
D:3:      grunt_temple_overflow_magic_moments, lemuel_coloured_pillars_altar,
          uniq_natasha
D:4:      minmay_temple_entry_overgrown, first_bread, uniq_sigmund, uniq_pikel
D:6:      minmay_goblin_kobold_castle, nemelex_deck, kennysheep_windowed_goal
D:7:      tgw_trog, kennysheep_little_box, basic_altar,
          minmay_stone_trees_medium
